 Dungeon Crawl Stone Soup version 0.20.1-1-g8b1a95d (webtiles) character file.

145 renl the Slasher (level 5, -7/42 HPs)
             Began as a Barachi Fighter on July 13, 2017.
             Killed by divine providence
             ... invoked by an orc priest
              (16 damage)
             ... on level 3 of the Dungeon.
             The game lasted 00:05:33 (1537 turns).

renl the Slasher (Barachi Fighter)                  Turns: 1537, Time: 00:05:33

Health: -7/42      AC:  8    Str: 19    XL:     5   Next: 27%
Magic:  5/5        EV:  6    Int:  8    God:
Gold:   60         SH: 13    Dex: 11    Spells: 4/4 levels left

rFire    . . .     SeeInvis .   a - +0 long sword
rCold    . . .     Gourm    .   i - +0 large shield
rNeg     . . .     Faith    .   b - +0 scale mail
rPois    .         Spirit   .   r - +0 helmet
rElec    .         Reflect  .   (no cloak)
rCorr    .         Harm     .   (no gloves)
MR       .....                  (no boots)
Stlth    ..........             (no amulet)
Regen    0.2/turn               o - +5 ring of slaying
MPRegen  0.1/turn               (no ring)

@: slow
A: +LOS, swims, slowness 1, strong legs 1
a: Hop


You were on level 3 of the Dungeon.
You were not hungry.

You visited 1 branch of the dungeon, and saw 3 of its levels.

You collected 60 gold pieces.

Inventory:

Hand Weapons
 a - a +0 long sword (weapon)
Armour
 b - a +0 scale mail (worn)
 i - a +0 large shield (worn)
 r - a +0 helmet (worn)
Jewellery
 o - a +5 ring of slaying (left hand)
Scrolls
 c - a scroll of teleportation {unknown}
 g - 3 scrolls of fear {unknown}
 j - a scroll of magic mapping {unknown}
 k - 2 scrolls of remove curse {unknown}
 q - a scroll of enchant armour {unknown}
 u - a scroll of recharging {unknown}
 v - a scroll of fog {unknown}
Potions
 d - a potion of might
 e - 2 potions of heal wounds {unknown}
 h - a potion of agility {unknown}
 l - a potion of curing {unknown}
 n - a potion of degeneration {unknown}
 s - a potion of brilliance {unknown}
Comestibles
 f - 4 bread rations
 m - 5 fruits
 p - 8 chunks of flesh
 t - a royal jelly


   Skills:
 + Level 4.3 Fighting
 + Level 4.8 Long Blades
 + Level 4.4 Armour
 + Level 1.5 Dodging
 - Level 3.2 Shields


You had 4 spell levels left.
You didn't know any spells.

Dungeon Overview and Level Annotations

Branches:
Dungeon (3/15)

Altars:
Ashenzari
Elyvilon
Fedhas
Ru


Innate Abilities, Weirdness & Mutations

Shadows flee at your approach. (+LOS)
You can swim through water.
You cover ground slowly.
You can hop short distances.


Message History

The orc hits you with a dagger. You block the adder's attack.
You slash the adder!
You kill the adder!
You hit the orc.
The orc is almost dead.
You block the orc's attack.
You barely miss the orc.
The orc is almost dead.
You block the orc's attack. x2
You hit the orc.
You kill the orc!
Your shield prevents you from hitting the orc.
The orc hits you with a morningstar.
* * * LOW HITPOINT WARNING * * *
You slash the orc!
You kill the orc!
The orc priest calls down the wrath of Beogh upon you.
Beogh smites you!
You die...

#.. #. #.## #. #... #. #..
#. ... #. ########.# #.
.........# #.
.......ob#################.
########oo@................
####################


You could see an orc priest, 2 orcs and a bat.

Vanquished Creatures
  An orc priest (D:3)
  Jessica (D:2)
  3 adders
  A worm (D:2)
  5 orcs (D:3)
  3 bats (D:1)
  4 giant cockroaches
  8 goblins
  9 hobgoblins
  4 jackals (D:2)
  3 kobolds (D:1)
  9 rats
51 creatures vanquished.

Notes
Turn   | Place    | Note
-------+----------+-------------------------------------------
     0 | D:1      | renl the Barachi Fighter began the quest for the Orb.
     0 | D:1      | Reached XP level 1. HP: 18/18 MP: 1/1
    73 | D:1      | Reached XP level 2. HP: 25/25 MP: 2/2
   610 | D:2      | Found a sacrificial altar of Ru.
   626 | D:2      | Reached XP level 3. HP: 30/30 MP: 3/3
   909 | D:2      | Found a blossoming altar of Fedhas.
   917 | D:2      | Noticed Jessica
   919 | D:2      | Killed Jessica
   919 | D:2      | Reached XP level 4. HP: 28/37 MP: 4/4
   973 | D:2      | Found a shattered altar of Ashenzari.
  1092 | D:2      | Reached skill level 1 in Dodging
  1359 | D:3      | Found a white marble altar of Elyvilon.
  1487 | D:3      | Reached XP level 5. HP: 26/42 MP: 5/5
  1537 | D:3      | Killed from afar by an orc priest

Skill      XL: |  1  2  3  4 |
---------------+-------------+-----
Fighting       | 4 |  4.3
Armour         | 4 |  4.4
Long Blades    | 3 4 |  4.8
Dodging        | 1 |  1.5
Shields        | |  3.2

Action                   |  1- 3 |  4- 6 || total
-------------------------+-------+-------++-------
Melee: Long sword        |    88 |    68 ||   156
  Eat: Chunk             |       |     3 ||     3
Armor: Scale mail        |    54 |    38 ||    92
Dodge: Dodged            |    26 |    11 ||    37
Block: Shield            |    14 |       ||    14
       Large shield      |    51 |    57 ||   108
       Rpst.: Long sword |    12 |     3 ||    15
